[ AOE2 MATCH · #476163022 ]
UnrankedMagyars vs Jurchens
[ REPLAY ANALYSIS · EXTRACTED FROM THE RECORDED GAME ]
Feudal
9:26
Castle
22:32
Imperial
34:12
| APM avg | 62.0 |
| APM peak | 136 |
| eAPM avg | 33.2 |
| Villagers / military | 389 / 1975 |
Focus
⚔️ 39.4% · 🌾 60.6%
Scout Cavalry ×1614 · Cavalry Archer ×338 · Trade Cart ×51 · Skirmisher ×20 · Monk ×1 · Knight ×1
Feudal
9:46
Castle
16:11
Imperial
41:55
| APM avg | 38.8 |
| APM peak | 101 |
| eAPM avg | 33.1 |
| Villagers / military | 305 / 1504 |
Focus
⚔️ 49.6% · 🌾 50.4%
Skirmisher ×857 · Spearman ×516 · Fire Lancer ×117 · Unknown (1911) ×90 · Unknown (1908) ×46 · Trade Cart ×40
Feudal
10:17
Castle
14:14
Imperial
32:15
| APM avg | 52.0 |
| APM peak | 102 |
| eAPM avg | 27.5 |
| Villagers / military | 253 / 1880 |
Focus
⚔️ 46.0% · 🌾 54.0%
Spearman ×1302 · Militia ×291 · Woad Raider ×199 · Trade Cart ×33 · Battering Ram ×29 · Mangonel ×28
Feudal
10:50
Castle
18:47
Imperial
34:02
| APM avg | 59.0 |
| APM peak | 135 |
| eAPM avg | 44.6 |
| Villagers / military | 329 / 1236 |
Focus
⚔️ 57.8% · 🌾 42.2%
Scout Cavalry ×674 · Mangudai ×476 · Trade Cart ×58 · Battering Ram ×32 · Trebuchet (Packed) ×19 · Scorpion ×16
Match map
Initial resources + every placement click. Lines = walls · curves = elevation contours. ◆ gold · ⬟ stone · ● berries · ✦ relic · ◌ wall gap
Your base· ✓ Closed at 22:32 · 12t walls · 3 gate(s)
TaNa's base· ✓ Closed at 16:11 · 31t walls · no gate
FreeNicov!'s base· ✓ Closed at 14:14 · 26t walls · 2 gate(s)
David Rasie's base· ✓ Closed at 18:47 · 34t walls · no gate
Smoothed initial terrain · ◌ = detected wall gap · hover for details
Inputs per minute
— Kolor Peru - - TaNa
Build order — Kolor Peru
First 150 of 1625 actions detected
| 0:01 | Create | Villager (Male) |
| 0:01 | Create | Villager (Male) |
| 0:03 | Build | House |
| 0:04 | Build | House |
| 0:05 | Create | Villager (Male) |
| 0:08 | Create | Villager (Male) |
| 0:08 | Create | Villager (Male) |
| 1:24 | Create | Villager (Male) |
| 1:25 | Create | Villager (Male) |
| 1:45 | Build | Lumber Camp |
| 1:51 | Create | Villager (Male) |
| 1:51 | Create | Villager (Male) |
| 2:24 | Create | Villager (Male) |
| 2:58 | Create | Villager (Male) |
| 3:28 | Create | Villager (Male) |
| 3:28 | Create | Villager (Male) |
| 3:45 | Build | House |
| 3:47 | Build | Palisade Wall |
| 3:52 | Create | Villager (Male) |
| 3:53 | Create | Villager (Male) |
| 4:29 | Create | Villager (Male) |
| 4:29 | Create | Villager (Male) |
| 4:54 | Create | Villager (Male) |
| 5:06 | Create | Villager (Male) |
| 5:07 | Create | Villager (Male) |
| 5:24 | Build | Mill |
| 6:14 | Create | Villager (Male) |
| 6:24 | Create | Villager (Male) |
| 6:45 | Research | Loom |
| 7:11 | Create | Villager (Male) |
| 7:11 | Create | Villager (Male) |
| 7:16 | Research | Feudal Age |
| 7:22 | Build | Palisade Gate |
| 7:25 | Build | Palisade Gate |
| 7:37 | Create | Villager (Male) |
| 7:51 | Build | Palisade Gate |
| 8:23 | Build | Barracks |
| 8:41 | Build | House |
| 9:26 | Age | Feudal Age |
| 9:50 | Build | Stable |
| 9:53 | Create | Villager (Male) |
| 9:59 | Create | Villager (Male) |
| 10:21 | Create | Villager (Male) |
| 10:30 | Build | House |
| 10:32 | Create | Scout Cavalry |
| 10:39 | Research | Double-Bit Axe |
| 10:56 | Research | Horse Collar |
| 10:59 | Create | Scout Cavalry |
| 10:59 | Create | Scout Cavalry |
| 11:12 | Build | House |
| 11:14 | Build | Palisade Wall |
| 11:18 | Build | House |
| 11:26 | Create | Villager (Male) |
| 11:26 | Create | Villager (Male) |
| 11:31 | Create | Villager (Male) |
| 11:31 | Create | Villager (Male) |
| 11:40 | Create | Scout Cavalry |
| 11:48 | Build | Farm |
| 11:57 | Create | Villager (Male) |
| 11:57 | Create | Villager (Male) |
| 12:00 | Build | Farm |
| 12:14 | Build | Farm |
| 12:16 | Create | Villager (Male) |
| 12:17 | Create | Villager (Male) |
| 12:28 | Create | Villager (Male) |
| 12:31 | Build | House |
| 12:33 | Build | House |
| 12:34 | Build | House |
| 12:35 | Build | House |
| 12:40 | Create | Scout Cavalry |
| 12:40 | Create | Scout Cavalry |
| 12:47 | Build | Farm |
| 12:55 | Create | Villager (Male) |
| 13:12 | Build | Farm |
| 13:21 | Create | Villager (Male) |
| 13:29 | Build | Farm |
| 13:34 | Build | Farm |
| 13:38 | Create | Scout Cavalry |
| 13:39 | Create | Scout Cavalry |
| 14:01 | Create | Villager (Male) |
| 14:02 | Create | Villager (Male) |
| 14:03 | Create | Villager (Male) |
| 14:20 | Build | Farm |
| 14:22 | Build | Farm |
| 14:31 | Create | Villager (Male) |
| 14:34 | Build | Farm |
| 14:39 | Create | Scout Cavalry |
| 14:40 | Create | Villager (Male) |
| 14:40 | Create | Villager (Male) |
| 14:53 | Create | Villager (Male) |
| 15:07 | Build | Farm |
| 15:15 | Build | Blacksmith |
| 15:35 | Create | Scout Cavalry |
| 15:35 | Create | Villager (Male) |
| 15:36 | Create | Villager (Male) |
| 15:39 | Build | Farm |
| 15:55 | Build | Farm |
| 15:55 | Build | Farm |
| 15:56 | Build | Farm |
| 15:56 | Build | Farm |
| 15:56 | Build | Farm |
| 16:04 | Create | Villager (Male) |
| 16:05 | Create | Villager (Male) |
| 16:19 | Build | Farm |
| 16:21 | Build | Farm |
| 16:23 | Create | Villager (Male) |
| 16:25 | Build | Farm |
| 16:34 | Create | Scout Cavalry |
| 16:34 | Create | Scout Cavalry |
| 16:37 | Build | House |
| 16:53 | Create | Villager (Male) |
| 16:58 | Create | Scout Cavalry |
| 16:59 | Create | Villager (Male) |
| 17:02 | Build | Farm |
| 17:02 | Build | Farm |
| 17:02 | Build | Farm |
| 17:02 | Build | Farm |
| 17:02 | Build | Farm |
| 17:03 | Build | Farm |
| 17:03 | Build | Farm |
| 17:07 | Build | Farm |
| 17:09 | Create | Villager (Male) |
| 17:14 | Build | House |
| 17:40 | Build | Mining Camp |
| 17:41 | Create | Villager (Male) |
| 17:41 | Create | Villager (Male) |
| 18:11 | Create | Scout Cavalry |
| 18:12 | Create | Scout Cavalry |
| 18:15 | Build | Market |
| 18:17 | Build | House |
| 18:18 | Build | House |
| 18:21 | Build | House |
| 18:22 | Build | House |
| 18:35 | Build | Farm |
| 18:36 | Create | Villager (Male) |
| 18:37 | Create | Villager (Male) |
| 18:51 | Build | Farm |
| 18:55 | Build | House |
| 19:41 | Research | Castle Age |
| 20:14 | Research | Wheelbarrow |
| 20:18 | Build | House |
| 20:19 | Build | House |
| 20:21 | Research | Town Watch |
| 21:25 | Build | House |
| 21:26 | Build | House |
| 21:27 | Build | House |
| 21:36 | Create | Villager (Male) |
| 22:15 | Research | Wheelbarrow |
| 22:16 | Create | Villager (Male) |
| 22:32 | Age | Castle Age |
Build order — TaNa
First 150 of 2047 actions detected
| 0:00 | Create | Villager (Male) |
| 0:00 | Create | Villager (Male) |
| 0:01 | Create | Villager (Male) |
| 0:02 | Build | House |
| 0:03 | Build | House |
| 0:07 | Create | Villager (Male) |
| 0:19 | Research | Loom |
| 0:21 | Create | Villager (Male) |
| 0:21 | Create | Villager (Male) |
| 0:21 | Create | Villager (Male) |
| 1:57 | Create | Villager (Male) |
| 2:11 | Build | Palisade Wall |
| 2:30 | Build | Palisade Wall |
| 2:33 | Create | Villager (Male) |
| 2:43 | Create | Villager (Male) |
| 2:50 | Build | Lumber Camp |
| 3:15 | Create | Villager (Male) |
| 3:44 | Create | Villager (Male) |
| 3:49 | Create | Villager (Male) |
| 4:24 | Build | House |
| 4:33 | Create | Villager (Male) |
| 4:54 | Create | Villager (Male) |
| 4:54 | Create | Villager (Male) |
| 5:33 | Build | House |
| 5:51 | Create | Villager (Male) |
| 5:51 | Create | Villager (Male) |
| 5:52 | Create | Villager (Male) |
| 5:52 | Create | Villager (Male) |
| 6:46 | Build | Mill |
| 7:36 | Research | Feudal Age |
| 7:36 | Research | Feudal Age |
| 8:33 | Create | Villager (Male) |
| 9:26 | Create | Villager (Male) |
| 9:46 | Age | Feudal Age |
| 9:46 | Create | Villager (Male) |
| 9:47 | Research | Double-Bit Axe |
| 9:47 | Research | Double-Bit Axe |
| 9:48 | Research | Horse Collar |
| 10:01 | Build | Mill |
| 10:14 | Build | Mining Camp |
| 10:26 | Create | Villager (Male) |
| 10:38 | Build | House |
| 10:57 | Create | Villager (Male) |
| 11:07 | Build | Market |
| 11:12 | Create | Villager (Male) |
| 11:35 | Create | Villager (Male) |
| 12:37 | Build | Blacksmith |
| 12:40 | Create | Villager (Male) |
| 13:02 | Create | Villager (Male) |
| 13:25 | Build | House |
| 13:26 | Research | Castle Age |
| 14:03 | Build | Stone Wall |
| 14:36 | Build | Stone Wall |
| 15:24 | Build | Lumber Camp |
| 15:31 | Create | Villager (Male) |
| 16:02 | Create | Villager (Male) |
| 16:11 | Age | Castle Age |
| 16:18 | Build | Town Center |
| 16:24 | Research | Wheelbarrow |
| 16:35 | Build | Stone Wall |
| 16:47 | Build | Siege Workshop |
| 17:01 | Build | Stone Wall |
| 17:12 | Create | Villager (Male) |
| 17:28 | Create | Iron Pagoda |
| 17:34 | Build | House |
| 17:42 | Create | Iron Pagoda |
| 18:07 | Create | Villager (Male) |
| 18:07 | Create | Villager (Male) |
| 18:08 | Create | Villager (Male) |
| 18:08 | Create | Villager (Male) |
| 18:08 | Create | Villager (Male) |
| 18:17 | Build | Farm |
| 18:53 | Create | Villager (Male) |
| 18:53 | Create | Villager (Male) |
| 18:55 | Create | Villager (Male) |
| 18:58 | Build | Farm |
| 18:58 | Build | Farm |
| 18:58 | Build | Farm |
| 19:00 | Research | Bow Saw |
| 19:12 | Create | Villager (Male) |
| 19:17 | Build | House |
| 19:24 | Build | Barracks |
| 19:46 | Create | Villager (Male) |
| 19:52 | Build | Farm |
| 19:52 | Build | Farm |
| 19:52 | Build | Farm |
| 19:52 | Build | Farm |
| 20:00 | Build | Farm |
| 20:08 | Create | Villager (Male) |
| 20:13 | Build | Farm |
| 20:14 | Build | Farm |
| 20:14 | Build | Farm |
| 20:14 | Build | Farm |
| 20:15 | Build | Farm |
| 20:15 | Build | Farm |
| 20:27 | Create | Trade Cart |
| 20:27 | Create | Villager (Male) |
| 20:27 | Create | Villager (Male) |
| 20:28 | Create | Villager (Male) |
| 20:38 | Create | Iron Pagoda |
| 20:38 | Create | Iron Pagoda |
| 20:50 | Create | Villager (Male) |
| 20:50 | Create | Villager (Male) |
| 20:51 | Create | Villager (Male) |
| 20:55 | Build | House |
| 20:56 | Create | Villager (Male) |
| 21:06 | Build | Farm |
| 21:07 | Build | Farm |
| 21:07 | Build | Farm |
| 21:07 | Build | Farm |
| 21:16 | Build | House |
| 21:17 | Build | House |
| 21:23 | Create | Villager (Male) |
| 21:23 | Create | Villager (Male) |
| 21:59 | Create | Iron Pagoda |
| 22:00 | Create | Iron Pagoda |
| 22:14 | Build | Stone Wall |
| 22:20 | Build | Stone Wall |
| 22:32 | Build | Mining Camp |
| 22:34 | Create | Villager (Male) |
| 22:34 | Create | Villager (Male) |
| 23:04 | Create | Villager (Male) |
| 23:08 | Build | Archery Range |
| 23:10 | Build | Archery Range |
| 23:12 | Create | Villager (Male) |
| 23:13 | Create | Villager (Male) |
| 23:18 | Build | Farm |
| 23:19 | Build | Farm |
| 23:19 | Build | Farm |
| 23:20 | Create | Villager (Male) |
| 23:20 | Create | Villager (Male) |
| 23:33 | Build | House |
| 23:51 | Create | Villager (Male) |
| 23:51 | Create | Villager (Male) |
| 24:09 | Create | Villager (Male) |
| 24:10 | Create | Iron Pagoda |
| 24:12 | Create | Villager (Male) |
| 24:23 | Create | Unit 1911 ×5 |
| 24:24 | Create | Unit 1911 ×5 |
| 24:30 | Create | Unit 1911 |
| 24:30 | Create | Unit 1911 |
| 24:30 | Create | Unit 1911 |
| 24:31 | Create | Villager (Male) |
| 24:33 | Build | Farm |
| 24:34 | Build | Farm |
| 24:34 | Build | Farm |
| 24:40 | Create | Villager (Male) |
| 24:45 | Create | Villager (Male) |
| 24:49 | Build | House |
| 24:53 | Research | Stone Mining |
Build order — FreeNicov!
First 150 of 1161 actions detected
| 0:01 | Create | Villager (Male) |
| 0:02 | Create | Villager (Male) |
| 0:04 | Build | House |
| 0:05 | Build | House |
| 0:07 | Create | Villager (Male) |
| 0:09 | Create | Villager (Male) |
| 1:27 | Build | Palisade Wall |
| 1:35 | Create | Villager (Male) |
| 1:35 | Create | Villager (Male) |
| 2:02 | Create | Villager (Male) |
| 2:21 | Build | Palisade Wall |
| 2:33 | Create | Villager (Male) |
| 2:34 | Create | Villager (Male) |
| 2:58 | Create | Villager (Male) |
| 2:58 | Create | Villager (Male) |
| 2:59 | Create | Villager (Male) |
| 3:18 | Build | Lumber Camp |
| 3:21 | Create | Villager (Male) |
| 3:21 | Create | Villager (Male) |
| 3:51 | Create | Villager (Male) |
| 3:51 | Create | Villager (Male) |
| 4:13 | Create | Villager (Male) |
| 4:16 | Create | Villager (Male) |
| 4:17 | Build | House |
| 4:46 | Create | Villager (Male) |
| 4:47 | Create | Villager (Male) |
| 4:49 | Build | House |
| 5:33 | Create | Villager (Male) |
| 5:46 | Build | Palisade Gate |
| 5:56 | Create | Villager (Male) |
| 6:06 | Build | Palisade Gate |
| 6:12 | Build | Palisade Wall |
| 6:15 | Build | Palisade Wall |
| 6:17 | Build | Palisade Wall |
| 6:19 | Build | Palisade Wall |
| 6:26 | Create | Villager (Male) |
| 6:48 | Create | Villager (Male) |
| 6:57 | Create | Villager (Male) |
| 7:18 | Build | Mill |
| 7:23 | Research | Loom |
| 8:07 | Research | Feudal Age |
| 8:33 | Build | Mining Camp |
| 9:27 | Create | Villager (Male) |
| 9:28 | Create | Villager (Male) |
| 10:17 | Age | Feudal Age |
| 10:18 | Build | Blacksmith |
| 10:45 | Build | Market |
| 10:52 | Research | Double-Bit Axe |
| 11:34 | Research | Castle Age |
| 11:34 | Research | Castle Age |
| 11:48 | Build | Palisade Wall |
| 11:50 | Build | Palisade Wall |
| 11:52 | Build | Palisade Wall |
| 11:58 | Build | Palisade Wall |
| 12:42 | Build | Palisade Wall |
| 12:47 | Build | Palisade Wall |
| 12:51 | Build | Palisade Wall |
| 12:51 | Build | Palisade Wall |
| 13:16 | Create | Villager (Male) |
| 13:40 | Build | Palisade Wall |
| 13:43 | Build | Palisade Wall |
| 14:12 | Build | Watch Tower |
| 14:14 | Age | Castle Age |
| 14:21 | Build | Siege Workshop |
| 14:37 | Create | Villager (Male) |
| 14:43 | Research | Wheelbarrow |
| 14:45 | Build | House |
| 14:46 | Build | House |
| 15:06 | Create | Battering Ram |
| 15:17 | Build | House |
| 15:42 | Create | Villager (Male) |
| 15:57 | Create | Scorpion |
| 16:19 | Build | House |
| 16:21 | Research | Town Watch |
| 16:28 | Create | Villager (Male) |
| 16:33 | Create | Scorpion |
| 17:05 | Create | Villager (Male) |
| 17:14 | Create | Scorpion |
| 17:42 | Create | Villager (Male) |
| 17:42 | Create | Villager (Male) |
| 17:50 | Create | Battering Ram |
| 17:57 | Create | Villager (Male) |
| 18:14 | Create | Scorpion |
| 18:20 | Create | Villager (Male) |
| 18:48 | Create | Mangonel |
| 18:49 | Create | Villager (Male) |
| 19:15 | Create | Villager (Male) |
| 19:54 | Create | Villager (Male) |
| 20:09 | Build | Town Center |
| 20:40 | Create | Villager (Male) |
| 20:40 | Create | Villager (Male) |
| 21:03 | Build | Town Center |
| 21:07 | Research | Horse Collar |
| 21:10 | Build | Farm |
| 21:11 | Build | Farm |
| 21:13 | Build | Farm |
| 21:13 | Build | House |
| 21:16 | Build | Farm |
| 21:17 | Build | Farm |
| 21:18 | Build | Farm |
| 21:19 | Build | Farm |
| 21:20 | Create | Villager (Male) |
| 21:20 | Create | Villager (Male) |
| 22:17 | Build | Farm |
| 22:17 | Build | Farm |
| 22:18 | Build | Farm |
| 22:18 | Build | Farm |
| 22:18 | Build | Farm |
| 22:29 | Create | Villager (Male) |
| 22:30 | Create | Villager (Male) |
| 22:32 | Build | Farm |
| 22:32 | Build | Farm |
| 22:34 | Build | Farm |
| 22:37 | Build | Farm |
| 22:47 | Create | Villager (Male) |
| 22:48 | Create | Villager (Male) |
| 22:51 | Build | Farm |
| 22:52 | Build | Farm |
| 23:00 | Build | Farm |
| 23:01 | Build | Farm |
| 23:02 | Create | Villager (Male) |
| 23:09 | Create | Villager (Male) |
| 23:10 | Create | Villager (Male) |
| 23:40 | Create | Villager (Male) |
| 23:40 | Create | Villager (Male) |
| 23:44 | Build | Farm |
| 23:44 | Build | Farm |
| 23:46 | Create | Villager (Male) |
| 23:47 | Create | Villager (Male) |
| 23:55 | Create | Villager (Male) |
| 23:56 | Create | Villager (Male) |
| 24:14 | Create | Mangonel |
| 24:18 | Create | Villager (Male) |
| 24:20 | Build | Farm |
| 24:20 | Create | Villager (Male) |
| 24:22 | Create | Villager (Male) |
| 24:25 | Build | Farm |
| 24:28 | Build | Farm |
| 24:28 | Build | Farm |
| 24:48 | Create | Villager (Male) |
| 24:50 | Build | Farm |
| 24:52 | Create | Villager (Male) |
| 25:00 | Create | Villager (Male) |
| 25:00 | Create | Villager (Male) |
| 25:02 | Build | House |
| 25:03 | Build | House |
| 25:22 | Create | Villager (Male) |
| 25:22 | Create | Villager (Male) |
| 25:23 | Research | Hand Cart |
| 25:25 | Research | Heavy Plow |
Build order — David Rasie
First 150 of 1381 actions detected
| 0:01 | Research | Loom |
| 0:02 | Create | Villager (Male) |
| 0:03 | Build | House |
| 0:05 | Build | House |
| 0:11 | Create | Villager (Male) |
| 0:12 | Create | Villager (Male) |
| 0:17 | Create | Villager (Male) |
| 0:17 | Create | Villager (Male) |
| 0:39 | Build | Palisade Wall |
| 1:43 | Build | Palisade Wall |
| 1:44 | Build | Palisade Wall |
| 1:45 | Build | Palisade Wall |
| 1:45 | Build | Palisade Wall |
| 2:02 | Create | Villager (Male) |
| 2:02 | Create | Villager (Male) |
| 2:15 | Build | Palisade Wall |
| 2:29 | Create | Villager (Male) |
| 2:29 | Create | Villager (Male) |
| 2:59 | Create | Villager (Male) |
| 2:59 | Create | Villager (Male) |
| 3:24 | Create | Villager (Male) |
| 3:25 | Create | Villager (Male) |
| 3:35 | Create | Villager (Male) |
| 3:55 | Build | House |
| 4:16 | Create | Villager (Male) |
| 4:23 | Build | House |
| 4:36 | Create | Villager (Male) |
| 4:36 | Create | Villager (Male) |
| 4:59 | Create | Villager (Male) |
| 5:14 | Build | Lumber Camp |
| 5:45 | Create | Villager (Male) |
| 5:45 | Create | Villager (Male) |
| 5:45 | Create | Villager (Male) |
| 5:57 | Create | Villager (Male) |
| 5:57 | Create | Villager (Male) |
| 5:59 | Build | House |
| 6:19 | Create | Villager (Male) |
| 6:29 | Create | Villager (Male) |
| 6:29 | Create | Villager (Male) |
| 6:29 | Create | Villager (Male) |
| 6:45 | Create | Villager (Male) |
| 6:45 | Create | Villager (Male) |
| 7:21 | Create | Villager (Male) |
| 7:30 | Create | Villager (Male) |
| 7:33 | Build | Mill |
| 8:15 | Create | Villager (Male) |
| 8:27 | Build | House |
| 8:32 | Build | Palisade Wall |
| 8:35 | Build | Palisade Wall |
| 8:40 | Research | Feudal Age |
| 8:40 | Research | Feudal Age |
| 8:44 | Build | Mill |
| 8:55 | Build | Palisade Wall |
| 9:04 | Build | Palisade Wall |
| 9:06 | Build | Palisade Wall |
| 9:08 | Create | Villager (Male) |
| 9:12 | Create | Villager (Male) |
| 9:16 | Build | Palisade Wall |
| 9:18 | Create | Villager (Male) |
| 9:21 | Create | Villager (Male) |
| 9:28 | Create | Villager (Male) |
| 9:30 | Create | Villager (Male) |
| 9:34 | Create | Villager (Male) |
| 9:48 | Build | House |
| 9:52 | Create | Villager (Male) |
| 10:04 | Create | Villager (Male) |
| 10:50 | Age | Feudal Age |
| 10:55 | Build | Stone Wall |
| 10:56 | Build | Stone Wall |
| 11:00 | Build | Barracks |
| 11:03 | Create | Villager (Male) |
| 11:06 | Research | Double-Bit Axe |
| 11:08 | Build | Palisade Wall |
| 11:10 | Build | Palisade Wall |
| 11:11 | Build | Palisade Wall |
| 11:47 | Create | Villager (Male) |
| 12:15 | Build | Palisade Gate |
| 12:15 | Create | Villager (Male) |
| 12:22 | Build | Palisade Wall |
| 12:25 | Create | Villager (Male) |
| 12:31 | Build | Mill |
| 12:43 | Build | Palisade Wall |
| 12:52 | Create | Villager (Male) |
| 12:57 | Build | Mining Camp |
| 13:00 | Build | House |
| 13:27 | Build | House |
| 13:32 | Create | Villager (Male) |
| 13:45 | Create | Villager (Male) |
| 14:16 | Build | House |
| 14:18 | Build | Palisade Wall |
| 14:21 | Create | Villager (Male) |
| 14:26 | Build | Blacksmith |
| 14:32 | Build | Market |
| 14:40 | Research | Horse Collar |
| 14:46 | Create | Villager (Male) |
| 14:56 | Create | Spearman |
| 15:00 | Create | Spearman |
| 15:05 | Create | Villager (Male) |
| 15:10 | Build | House |
| 15:15 | Create | Villager (Male) |
| 15:28 | Build | Archery Range |
| 15:32 | Create | Villager (Male) |
| 16:07 | Research | Castle Age |
| 16:07 | Research | Castle Age |
| 16:12 | Build | Lumber Camp |
| 16:35 | Build | House |
| 16:50 | Create | Archer |
| 16:55 | Create | Spearman |
| 16:56 | Create | Villager (Male) |
| 17:27 | Create | Archer |
| 17:33 | Research | Fletching |
| 17:35 | Create | Villager (Male) |
| 17:42 | Build | Mining Camp |
| 17:58 | Build | Farm |
| 17:58 | Build | Farm |
| 17:58 | Build | Farm |
| 17:59 | Build | Farm |
| 18:08 | Create | Spearman |
| 18:08 | Create | Spearman |
| 18:21 | Create | Villager (Male) |
| 18:39 | Create | Archer |
| 18:40 | Create | Archer |
| 18:47 | Age | Castle Age |
| 18:49 | Create | Cavalry Archer |
| 18:55 | Build | Town Center |
| 18:58 | Research | Bow Saw |
| 19:35 | Create | Villager (Male) |
| 19:42 | Create | Cavalry Archer |
| 19:52 | Create | Villager (Male) |
| 20:03 | Build | Town Center |
| 20:09 | Build | Farm |
| 20:09 | Build | Farm |
| 20:10 | Build | Farm |
| 20:10 | Build | Farm |
| 20:10 | Build | Farm |
| 20:10 | Build | Farm |
| 20:12 | Create | Villager (Male) |
| 20:16 | Create | Villager (Male) |
| 20:20 | Create | Villager (Male) |
| 20:25 | Create | Villager (Male) |
| 20:29 | Create | Villager (Male) |
| 20:57 | Build | Town Center |
| 21:04 | Create | Villager (Male) |
| 21:06 | Build | House |
| 21:12 | Build | Monastery |
| 21:13 | Create | Villager (Male) |
| 21:16 | Create | Villager (Male) |
| 21:18 | Build | Farm |
| 21:19 | Build | Farm |
| 21:25 | Create | Villager (Male) |
Match timeline
| 0:39 | David Rasie · wall_segment Palisade Wall x5 |
| 1:27 | FreeNicov! · wall_segment Palisade Wall x6 |
| 1:43 | David Rasie · wall_segment Palisade Wall x1 |
| 1:44 | David Rasie · wall_segment Palisade Wall x1 |
| 1:45 | David Rasie · wall_segment Palisade Wall x1 |
| 1:45 | David Rasie · wall_segment Palisade Wall x1 |
| 2:11 | TaNa · wall_segment Palisade Wall x8 |
| 2:15 | David Rasie · wall_segment Palisade Wall x1 |
| 2:21 | FreeNicov! · wall_segment Palisade Wall x1 |
| 2:30 | TaNa · wall_segment Palisade Wall x9 |
| 3:47 | Kolor Peru · wall_segment Palisade Wall x5 |
| 6:12 | FreeNicov! · wall_segment Palisade Wall x1 |
| 6:15 | FreeNicov! · wall_segment Palisade Wall x1 |
| 6:17 | FreeNicov! · wall_segment Palisade Wall x1 |
| 6:19 | FreeNicov! · wall_segment Palisade Wall x1 |
| 8:23 | Kolor Peru · first_building Barracks |
| 8:32 | David Rasie · wall_segment Palisade Wall x1 |
| 8:35 | David Rasie · wall_segment Palisade Wall x1 |
| 8:55 | David Rasie · wall_segment Palisade Wall x1 |
| 9:04 | David Rasie · wall_segment Palisade Wall x1 |
| 9:06 | David Rasie · wall_segment Palisade Wall x1 |
| 9:16 | David Rasie · wall_segment Palisade Wall x6 |
| 9:26 | Kolor Peru · age_up feudal |
| 9:46 | TaNa · age_up feudal |
| 9:50 | Kolor Peru · first_building Stable |
| 10:17 | FreeNicov! · age_up feudal |
| 10:50 | David Rasie · age_up feudal |
| 10:55 | David Rasie · wall_segment Stone Wall x4 |
| 10:56 | David Rasie · wall_segment Stone Wall x4 |
| 11:00 | David Rasie · first_building Barracks |
| 11:08 | David Rasie · wall_segment Palisade Wall x1 |
| 11:10 | David Rasie · wall_segment Palisade Wall x1 |
| 11:11 | David Rasie · wall_segment Palisade Wall x1 |
| 11:14 | Kolor Peru · wall_segment Palisade Wall x7 |
| 11:48 | FreeNicov! · wall_segment Palisade Wall x4 |
| 11:50 | FreeNicov! · wall_segment Palisade Wall x4 |
| 11:52 | FreeNicov! · wall_segment Palisade Wall x1 |
| 11:58 | FreeNicov! · wall_segment Palisade Wall x1 |
| 12:22 | David Rasie · wall_segment Palisade Wall x1 |
| 12:42 | FreeNicov! · wall_segment Palisade Wall x1 |
| 12:43 | David Rasie · wall_segment Palisade Wall x1 |
| 12:47 | FreeNicov! · wall_segment Palisade Wall x1 |
| 12:51 | FreeNicov! · wall_segment Palisade Wall x1 |
| 12:51 | FreeNicov! · wall_segment Palisade Wall x1 |
| 13:40 | FreeNicov! · wall_segment Palisade Wall x1 |
| 13:43 | FreeNicov! · wall_segment Palisade Wall x1 |
| 14:03 | TaNa · wall_segment Stone Wall x5 |
| 14:14 | FreeNicov! · age_up castle |
| 14:18 | David Rasie · wall_segment Palisade Wall x1 |
| 14:21 | FreeNicov! · first_building Siege Workshop |
| 14:36 | TaNa · wall_segment Stone Wall x9 |
| 15:28 | David Rasie · first_building Archery Range |
| 16:08 | TaNa · first_market_sell 100 food |
| 16:09 | TaNa · first_market_buy 100 wood |
| 16:11 | TaNa · age_up castle |
| 16:35 | TaNa · wall_segment Stone Wall x3 |
| 16:47 | TaNa · first_building Siege Workshop |
| 17:01 | TaNa · wall_segment Stone Wall x8 |
| 18:47 | David Rasie · age_up castle |
| 18:57 | FreeNicov! · first_market_sell 100 food |
| 18:58 | FreeNicov! · first_market_buy 100 wood |
| 19:24 | TaNa · first_building Barracks |
| 19:38 | Kolor Peru · first_market_sell 100 wood |
| 20:54 | David Rasie · first_market_buy 100 wood |
| 21:12 | David Rasie · first_building Monastery |
| 22:14 | TaNa · wall_segment Stone Wall x5 |
| 22:20 | TaNa · wall_segment Stone Wall x8 |
| 22:32 | Kolor Peru · age_up castle |
| 23:08 | TaNa · first_building Archery Range |
| 23:47 | Kolor Peru · first_market_buy 100 stone |
| 25:59 | FreeNicov! · first_building Monastery |
| 26:03 | TaNa · first_building Castle |
| 26:18 | TaNa · wall_segment Palisade Wall x1 |
| 27:15 | TaNa · first_building Stable |
| 27:34 | Kolor Peru · first_building Monastery |
| 28:20 | David Rasie · first_building Castle |
| 29:22 | David Rasie · first_building Stable |
| 29:39 | Kolor Peru · wall_segment Stone Wall x17 |
| 29:41 | Kolor Peru · wall_segment Stone Wall x3 |
| 30:01 | FreeNicov! · first_building Castle |
| 30:46 | David Rasie · first_building Siege Workshop |
| 30:51 | David Rasie · first_market_sell 100 food |
| 31:06 | TaNa · wall_segment Palisade Wall x1 |
| 31:12 | Kolor Peru · first_building Archery Range |
| 32:15 | FreeNicov! · age_up imperial |
| 33:37 | FreeNicov! · wall_segment Stone Wall x8 |
| 33:48 | Kolor Peru · wall_segment Stone Wall x4 |
| 34:02 | David Rasie · age_up imperial |
| 34:12 | Kolor Peru · age_up imperial |
| 34:13 | Kolor Peru · wall_segment Stone Wall x10 |
| 34:26 | Kolor Peru · first_building Castle |
| 34:31 | FreeNicov! · first_building Barracks |
| 38:00 | TaNa · first_building Monastery |
| 41:42 | TaNa · wall_segment Stone Wall x11 |
| 41:55 | TaNa · age_up imperial |
| 41:59 | TaNa · wall_segment Stone Wall x11 |
| 42:35 | TaNa · wall_segment Stone Wall x6 |
| 47:10 | TaNa · wall_segment Stone Wall x13 |
| 49:06 | TaNa · wall_segment Stone Wall x10 |
| 49:12 | TaNa · wall_segment Stone Wall x12 |
| 49:29 | TaNa · wall_segment Stone Wall x13 |
| 51:20 | TaNa · wall_segment Stone Wall x3 |
| 53:42 | TaNa · wall_segment Palisade Wall x1 |
| 53:56 | TaNa · wall_segment Palisade Wall x1 |
| 53:56 | David Rasie · tribute_sent a jugador 1 |
| 53:56 | David Rasie · tribute_sent a jugador 2 |
| 53:56 | David Rasie · tribute_sent a jugador 4 |
| 53:56 | TaNa · wall_segment Palisade Wall x1 |
| 58:27 | David Rasie · wall_segment Stone Wall x1 |
| 59:13 | David Rasie · wall_segment Stone Wall x4 |
| 64:00 | David Rasie · wall_segment Stone Wall x8 |
| 64:05 | David Rasie · wall_segment Stone Wall x7 |
| 64:24 | David Rasie · wall_segment Stone Wall x3 |
| 64:31 | David Rasie · wall_segment Stone Wall x4 |
| 66:42 | David Rasie · wall_segment Stone Wall x5 |
| 68:33 | David Rasie · wall_segment Stone Wall x4 |
| 70:18 | David Rasie · wall_segment Stone Wall x4 |
| 72:09 | FreeNicov! · wall_segment Stone Wall x4 |
| 74:18 | David Rasie · wall_segment Stone Wall x8 |
| 80:54 | David Rasie · wall_segment Stone Wall x5 |
| 81:41 | David Rasie · wall_segment Stone Wall x6 |
| 84:47 | TaNa · wall_segment Palisade Wall x1 |
| 99:06 | FreeNicov! · wall_segment Palisade Wall x1 |
| 108:05 | David Rasie · tribute_sent a jugador 1 |
| 108:05 | David Rasie · tribute_sent a jugador 2 |
| 108:05 | David Rasie · tribute_sent a jugador 4 |
| 109:13 | David Rasie · resign |
[ AI ANALYSIS · 1 CREDIT ]
What really happened in this match?
Wolo.gg analyzes every decision: build order, eco, micro, common mistakes by bracket. Personalized analysis on WhatsApp or Discord in 30 seconds.
Civ guide
Magyars
Perfil
Jugador #3175863